 Dungeon Crawl Stone Soup version 0.19-a0-1002-g674d22e (webtiles) character file.

25 4thArraOfDagon the Bolt Thrower (level 2, -5/21 HPs)
             Began as a Mummy Arcane Marksman on July 18, 2016.
             Slain by an orc
             ... wielding a +2 hand axe of distortion
              (7 damage)
             ... on level 3 of the Dungeon.
             The game lasted 00:02:29 (421 turns).

4thArraOfDagon the Bolt Thrower (MuAM)               Turns: 421, Time: 00:02:31

Health: -5/21      AC:  2    Str: 14    XL:     2   Next: 82%
Magic:  3/3        EV: 12    Int: 12    God:
Gold:   12         SH:  0    Dex: 11    Spells: 1 memorised, 2 levels left

rFire  x . .     SeeInvis .     a - +0 hand crossbow
rCold  + . .     Gourm    .     e - +0 robe
rNeg   + + +     Faith    .     (no shield)
rPois  ∞         Spirit   .     (no helmet)
rElec  .         Dismiss  .     (no cloak)
rCorr  .         Reflect  .     (no gloves)
SustAt .         Harm     .     (no boots)
MR     .....                    (no amulet)
Stlth  +.........               (no ring)
                                (no ring)

@: not resistant to hostile enchantments, very unstealthy
A: no food or potions, fire vulnerability, cold resistance 1, negative energy
resistance 3, torment resistance, unbreathing
a: no special abilities


You were on level 3 of the Dungeon.
You were not hungry.

You visited 1 branch of the dungeon, and saw 3 of its levels.

You collected 12 gold pieces.

Inventory:

Hand Weapons
 a - a +0 hand crossbow (weapon)
 f - a -1 club
 g - a +0 short sword
Missiles
 d - 8 bolts (quivered)
Armour
 e - a +0 robe (worn)
Scrolls
 b - a scroll of teleportation
 h - a scroll of amnesia
Books
 c - a book of Debilitation

   Spells                             Type                      Level
   a - Corona                         Hexes                        1
   b - Slow                           Hexes                        2
   c - Gell's Gravitas                Hexes/Translocation          3
   d - Inner Flame                    Hexes/Fire                   3
   e - Cause Fear                     Hexes                        4
   f - Leda's Liquefaction            Hexes/Earth                  4


   Skills:
 - Level 1.0 Fighting
 * Level 2.7 Crossbows
 - Level 1.5 Dodging
 - Level 1.0 Spellcasting
 - Level 2.6 Hexes


You had 2 spell levels left.
You knew the following spells:

 Your Spells              Type           Power        Failure   Level  Hunger
a - Corona                Hex            #......      12%         1    N/A

Dungeon Overview and Level Annotations

Branches:
Dungeon (3/15)

Altars:


Innate Abilities, Weirdness & Mutations

You do not eat or drink.
Your flesh is vulnerable to fire.
You are immune to poison.
Your flesh is cold resistant. (rC+)
You are immune to negative energy. (rN+++)
You are immune to unholy pain and torment.
You can survive without breathing.


Message History

Press: ? - help, Shift-Dir - straight line, f/p - orc
Aim: an orc, wielding a hand axe of distortion and wearing a ring mail You shoot a bolt.
The bolt hits the orc.
The orc is severely wounded.
The orc hits you.
* * * LOW HITPOINT WARNING * * *
The orc hits you.
* * * LOW HITPOINT WARNING * * *
Firing (i - inventory):
d - 10 bolts (quivered)
Press: ? - help, Shift-Dir - straight line, f/p - orc
Aim: an orc, wielding a hand axe of distortion and wearing a ring mail You shoot a bolt.
The bolt hits the orc!
You kill the orc!
Firing (i - inventory):
d - 9 bolts (quivered)
Press: ? - help, Shift-Dir - straight line, f/p - orc
Aim: an orc, wielding a hand axe of distortion and wearing a ring mail You shoot a bolt.
The bolt hits the orc but does no damage.
The orc hits you with a hand axe of distortion!
You die...

##########
#..o..##.# #
###†##o###.# #
#...#...o..#
####o#.###.##.####
o........(....(o@#
##.#.#.###..#..###
.................#
...#.#..###......#
.......<.††.....##
####.#..###......#
..#.## ##.#.###
.#.# #.....# ..
#######


You could see an orc.

Vanquished Creatures
  A worm (D:3)
  2 orcs (D:3)
  2 goblins (D:1)
  4 hobgoblins
  4 kobolds
  A quokka (D:2)
  3 bats (D:3)
  A rat (D:1)
18 creatures vanquished.

Notes
Turn   | Place    | Note
-------+----------+-------------------------------------------
     0 | D:1      | 4thArraOfDagon the Mummy Arcane Marksman began the quest for the Orb.
     0 | D:1      | Reached XP level 1. HP: 15/15 MP: 2/2
    29 | D:1      | Reached XP level 2. HP: 20/21 MP: 3/3
   421 | D:3      | Slain by an orc

Vault maps used:
D:1:      minmay_arrival_arboretum_small
D:2:      uniq_sigmund
D:3:      portal_sewer_entry_a

Skill      XL: |  1 |
---------------+----+-----
Crossbows      | 2 |  2.7
Fighting       | |  1.0
Dodging        | |  1.5
Spellcasting   | |  1.0
Hexes          | |  2.6

Action                   || total
-------------------------++-------
Melee: Club              ||     4
 Fire: Hand crossbow     ||    31
  Use: Scroll            ||     5
Armor: Robe              ||    12
Dodge: Dodged            ||    28
